 Dungeon Crawl Stone Soup version 0.29.0-13-gc9e81de378 (webtiles) character file.

Game seed: 8065845492606863495

1871 capka3m the Grappler (level 8, -6/79 HPs)
             Began as a Troll Monk on Sept 7, 2022.
             Mangled by a killer bee (8 damage)
             ... on level 7 of the Dungeon on Sept 8, 2022.
             The game lasted 00:12:39 (4605 turns).

capka3m the Grappler (Troll Monk)                   Turns: 4605, Time: 00:12:40

Health: -6/79      AC:  5    Str: 19    XL:     8   Next: 90%
Magic:  0/7        EV: 12    Int:  5    God:
Gold:   429        SH:  0    Dex: 18    Spells: 7/7 levels left

rFire   + + .      SeeInvis .     - Unarmed
rCold   . . .      Faith    .   (no shield)
rNeg    . . .      Spirit   +   a - +0 robe
rPois   .          Reflect  .   (helmet restricted)
rElec   .          Harm     .   w - +0 cloak
rCorr   .          Rampage  .   (gloves unavailable)
Will    .....                   (boots unavailable)
Stlth   ++........              m - amulet of guardian spirit
HPRegen 1.03/turn               d - ring of protection from fire
MPRegen 0.10/turn               x - ring of protection from fire

@: lethally poisoned (-6 -> -15)
A: large, unfitting armour, claws 3, regeneration 1, shaggy fur 1, tough skin 1,
talons 1, agile 1
a: no special abilities


You were on level 7 of the Dungeon.
You visited 2 branches of the dungeon, and saw 8 of its levels.

You collected 429 gold pieces.

Inventory:

Missiles
 k - 4 large rocks
 n - 2 throwing nets
 A - 3 boomerangs (quivered)
Armour
 a - a +0 robe (worn)
 w - a +0 cloak (worn)
Jewellery
 d - a ring of protection from fire (left claw)
 m - an amulet of guardian spirit (around neck)
 v - a ring of fire
 x - a ring of protection from fire (right claw)
 y - a ring of willpower
 H - an amulet of magic regeneration
Wands
 q - a wand of flame (16)
 F - a wand of charming (7)
Scrolls
 e - a scroll of torment {unknown}
 f - 9 scrolls of identify {unknown}
 j - a scroll of enchant weapon {unknown}
 l - 2 scrolls of summoning {unknown}
 p - 2 scrolls of noise {unknown}
 s - a scroll of magic mapping {unknown}
 C - a scroll of teleportation {unknown}
 E - 2 scrolls of poison {unknown}
 G - a scroll of immolation {unknown}
Potions
 b - 2 potions of ambrosia
 c - 2 potions of degeneration {unknown}
 h - a potion of might {unknown}
 i - a potion of lignification {unknown}
 o - 2 potions of brilliance {unknown}
 r - a potion of cancellation {unknown}
 t - a potion of berserk rage {unknown}
 u - a potion of flight {unknown}
 z - 2 potions of mutation
 B - a potion of haste {unknown}
 D - a potion of attraction {unknown}


   Skills:
 + Level 4.5 Fighting
 + Level 3.3 Throwing
 + Level 4.8 Dodging
 - Level 1.0 Stealth
 * Level 9.0 Unarmed Combat


You had 7 spell levels left.
You didn't know any spells.
Your spell library contained the following spells:

 Spells                   Type           Power      Damage    Failure   Level
 Sandblast                Erth           0%         2d4       47%         1
 Passwall                 Tmut/Erth      0%         N/A       63%         2
 Stone Arrow              Conj/Erth      0%         3d7       85%         3


Dungeon Overview and Level Annotations

Branches:
Dungeon (7/15)             Temple (1/1) D:6

Altars:
Ashenzari
Cheibriados
Dithmenos
Elyvilon
Fedhas
Hepliaklqana
Kikubaaqudgha
Makhleb
Nemelex Xobeh
Qazlal
Ru
Sif Muna
Uskayaw
Vehumet
Wu Jian
Xom
Yredelemnul
Zin

Shops:
D:6 *


Innate Abilities, Weirdness & Mutations

You are too large for most types of armour.
You have claws for hands.
Your natural rate of healing is unusually fast.
You are covered in fur. (AC +1)
You have tough skin. (AC +1)
You have sharp toenails.
You are agile. (Dex +4, Str/Int -1)


Message History

You see here a killer bee corpse.
It was a potion of curing.
You feel better. The killer bee stings you.
You are poisoned.
The killer bee poisons you! The killer bee stings you!
* * * LOW HITPOINT WARNING * * *
The killer bee stings you.
* * * LOW HITPOINT WARNING * * *
The killer bee stings you.
* * * LOW HITPOINT WARNING * * *
You are more poisoned.
The killer bee poisons you!
The killer bee stings you but does no damage.
The killer bee barely misses you.
It was a potion of mutation.
You feel extremely strange.
You feel agile.
Your toenails lengthen and sharpen.
You feel very sick. The killer bee closely misses you.
The killer bee stings you.
* * * LOW HITPOINT WARNING * * *
The killer bee closely misses you. The killer bee barely misses you.
The killer bee misses you. The killer bee stings you.
* * * LOW HITPOINT WARNING * * *
You feel better.
The killer bee stings you but does no damage.
The killer bee stings you.
* * * LOW HITPOINT WARNING * * *
You are poisoned.
The killer bee poisons you! The killer bee misses you.
The killer bee stings you but does no damage.
The killer bee stings you.
* * * LOW HITPOINT WARNING * * *
The killer bee barely misses you.
You feel better. The killer bee stings you.
* * * LOW HITPOINT WARNING * * *
You are poisoned.
The killer bee poisons you! The killer bee stings you.
* * * LOW HITPOINT WARNING * * *
You are more poisoned.
The killer bee poisons you! The killer bee misses you.
The killer bee stings you!
You die...

### #.# ####.####
#(('....# #(#'.#[.#
#?$yyy..# #.#
####@#### #.# ##...+
######### #.# ##..#.+
#####........ #.#
#.....+ #...........#
#.#
#.###.####.#.#.#####.#
#.# #.# #.#.##.#.#.#
#.# #.# #.#
###.##.#.#.# #.#
###.#####.# #.##.#.#.#
#.# #.....†...#
#.##.#...# #.#


You could see 3 killer bees.

Vanquished Creatures
  Grinder (D:6)
  A water moccasin (D:5)
  2 orc warriors
  An ice beast (D:6)
  An ogre (D:4)
  A phantom (D:4)
  A bullfrog (D:7)
  A necrophage (D:5)
  A scorpion (D:6)
  3 wights (D:6)
  2 killer bees (D:7)
  4 hounds
  A jelly (D:6)
  Crazy Yiuf (D:3)
  2 iguanas
  Jessica (D:2)
  Natasha (twice) (D:3)
  An orc wizard (D:5)
  Robin (D:3)
  A howler monkey skeleton (D:6)
  11 adders
  10 gnolls
  2 white imps
  An ufetubus (D:6)
  2 dart slugs (D:1)
  17 orcs
  5 bats
  2 bat zombies (D:3)
  4 endoplasms
  3 giant cockroaches
  12 goblins
  8 hobgoblins
  17 jackals
  7 kobolds
  2 quokkas
  7 ball pythons
  A frilled lizard (D:2)
  9 rats
  2 rat zombies (D:3)
151 creatures vanquished.

Notes
Turn   | Place    | Note
-------+----------+-------------------------------------------
     0 | D:1      | capka3m the Troll Monk began the quest for the Orb.
     0 | D:1      | Reached XP level 1. HP: 22/22 MP: 0/0
    73 | D:1      | Reached XP level 2. HP: 29/29 MP: 1/1
   326 | D:1      | Reached XP level 3. HP: 35/36 MP: 2/2
   830 | D:2      | Reached skill level 4 in Unarmed Combat
   979 | D:2      | Noticed Jessica
   982 | D:2      | Killed Jessica
   983 | D:2      | Reached XP level 4. HP: 44/44 MP: 3/3
  1382 | D:3      | Noticed Robin
  1384 | D:3      | Noticed Natasha
  1447 | D:3      | Killed Robin
  1491 | D:3      | Killed Natasha
  1492 | D:3      | Reached skill level 5 in Unarmed Combat
  1642 | D:3      | Reached XP level 5. HP: 52/52 MP: 4/4
  1769 | D:3      | Found an ancient bone altar of Kikubaaqudgha.
  1805 | D:3      | Noticed Natasha
  1809 | D:3      | Killed Natasha
  2198 | D:3      | Found a runed translucent door.
  2199 | D:3      | Noticed Crazy Yiuf
  2205 | D:3      | Killed Crazy Yiuf
  2264 | D:4      | Noticed a phantom
  2286 | D:4      | Killed a phantom
  2287 | D:4      | Reached skill level 6 in Unarmed Combat
  2287 | D:4      | Reached XP level 6. HP: 33/59 MP: 5/5
  2460 | D:4      | Reached skill level 7 in Unarmed Combat
  2460 | D:4      | Reached XP level 7. HP: 49/67 MP: 4/6
  2809 | D:4      | Found a hide-covered altar of Uskayaw.
  2943 | D:4      | Found a shimmering blue altar of Sif Muna.
  2992 | D:5      | Entered Level 5 of the Dungeon
  3113 | D:5      | Found an ornate altar of the Wu Jian Council.
  3117 | D:5      | Found a stormy altar of Qazlal.
  3331 | D:5      | Reached skill level 1 in Throwing
  3664 | D:5      | Reached XP level 8. HP: 67/78 MP: 4/7
  3730 | D:6      | Noticed Grinder
  3737 | D:6      | Killed Grinder
  3738 | D:6      | Reached skill level 8 in Unarmed Combat
  3863 | D:6      | Found Nameghuva's Assorted Antiques.
  3998 | D:6      | Found a staircase to the Ecumenical Temple.
  4043 | Temple   | Entered the Ecumenical Temple
  4501 | D:7      | Found a burning altar of Makhleb.
  4597 | D:7      | Reached skill level 9 in Unarmed Combat
  4603 | D:7      | Gained mutation: You are agile. (Dex +4, Str/Int -1)
                  | [potion of mutation]
  4603 | D:7      | Gained mutation: You have sharp toenails. [potion of
                  | mutation]
  4603 | D:7      | HP: 2/79 [killer bee (3)]
  4605 | D:7      | Mangled by a killer bee

Illustrated notes

Levels and vault maps discovered:
D:1:      minmay_arrival_cross, layout_basic, minmay_tromino_v2
D:2:      wad_crossroads, layout_basic, minmay_curled_crystal,
          minmay_indecisive_spiral, uniq_jessica
D:3:      layout_loops_cross, lemuel_zombie_altar_kikubaaqudgha, uniq_natasha,
          uniq_robin, uniq_crazy_yiuf_cottage
D:4:      layout_loops_ring, kennysheep_mini_moat, general_overflow_altar
D:5:      layout_cave_pools, grunt_temple_overflow_open
D:6:      layout_basic, minmay_temple_entry_antechambers, serial_shops,
          nicolae_stop_n_shop_2, serial_undead, serial_undead_b,
          serial_undead_c, serial_undead_e, serial_undead_d,
          chequers_serial_rivers_marsh, uniq_grinder
D:7:      layout_loops_ring, marbit_many_paths, old_standard_altar, eino_jars
Temple:   nicolae_temple_no_exploring_needed

Skill      XL: |  1  2  3  4  5  6  7  8 |
---------------+-------------------------+-----
Unarmed Combat | 4 5 6 7 9 |  9.0
Dodging        | 3 4 |  4.8
Fighting       | 3 4 |  4.5
Throwing       | 1 3 |  3.3
Stealth        | |  1.0

Action                   |  1- 3 |  4- 6 |  7- 9 || total
-------------------------+-------+-------+-------++-------
Melee: Unarmed           |    94 |   157 |   144 ||   395
       Punch             |     1 |     4 |     6 ||    11
Throw: Boomerang         |       |       |    75 ||    75
  Use: Potion            |       |       |     4 ||     4
 Stab: Sleeping          |     7 |     1 |       ||     8
       Distracted        |       |     1 |       ||     1
Armor: Robe              |    31 |    45 |    40 ||   116
Dodge: Dodged            |    36 |    79 |    95 ||   210
